 Dungeon Crawl Stone Soup version 0.31-a0-431-g88bdf31460 (webtiles) character file.

Game seed: 11802779955371363038

23419 pascalblue the Fighter (level 13, -5/83 HPs)
             Began as a Gargoyle Monk on July 27, 2023.
             Was a High Priest of the Shining One.
             Slain by a two-headed ogre
             ... wielding a +0 giant spiked club
              (13 damage)
             ... on level 2 of the Orcish Mines on July 31, 2023.
             The game lasted 00:51:12 (13714 turns).

pascalblue the Fighter (Gargoyle Monk)             Turns: 13714, Time: 00:51:13

Health: -5/83      AC: 26    Str: 23    XL:     13   Next: 6%
Magic:  4/19       EV: 15    Int: 11    God:    the Shining One [*****.]
Gold:   779        SH:  9    Dex: 12    Spells: 12/12 levels left

rFire   + .          .
                       - Unarmed
rCold   + . .        c - orb {light}
rNeg    + + +        a - +2 robe
rPois   ∞            X - +2 hat "Risu" {rC+ rN+}
rElec   +            (no cloak)
rCorr   .            S - +1 pair of gloves
SInv    .            n - +2 pair of boots
Will    .....        w - amulet of faith
Stlth   ++           K - +4 ring of slaying
HPRegen 0.33/turn    m - ring "Inuateade" {rPois rF+ AC+4 Str+3 Stlth+}
MPRegen 0.16/turn

%: faith
@: divinely shielded, glowing
A: sickness immunity, AC +9, negative energy resistance 1, electricity
resistance, torment resistance 1, petrification resistance
a: Renounce Religion, Divine Shield, Cleansing Flame, Summon Divine Warrior


You were on level 2 of the Orcish Mines.
You worshipped the Shining One.
The Shining One was extremely pleased with you.
You visited 3 branches of the dungeon, and saw 14 of its levels.

You collected 779 gold pieces.

Inventory:

Hand Weapons
 j - a +2 dagger of venom
 F - a +3 scimitar
 N - a +0 spear
Missiles
 t - a throwing net
Armour
 a - a +2 robe (worn)
 c - an orb of light (worn)
 k - a +6 chain mail of ponderousness
 n - a +2 pair of boots (worn)
 H - the +5 chain mail of Limited Liability {rF- rC- Int+7 Stlth+}
   (You found it on level 7 of the Dungeon)

   Int:       It affects your intelligence (+7).
   rF:        It makes you vulnerable to fire.
   rC:        It makes you vulnerable to cold.
   Stlth:     It makes you more stealthy.
 O - a +0 pair of gloves
 S - a +1 pair of gloves (worn)
 V - a +0 leather armour
 X - the +2 hat "Risu" (worn) {rC+ rN+}
   (You acquired it on level 11 of the Dungeon)

   rC:        It protects you from cold.
   rN:        It protects you from negative energy.
Jewellery
 e - a +5 ring of evasion
 m - the ring "Inuateade" (right hand) {rPois rF+ AC+4 Str+3 Stlth+}
   (You found it on level 2 of the Dungeon)

   [ring of protection]

   AC:        It affects your AC (+4).
   Str:       It affects your strength (+3).
   rF:        It protects you from fire.
   rPois:     It protects you from poison.
   Stlth:     It makes you more stealthy.
 v - an amulet of magic regeneration
 w - an amulet of faith (around neck)
 E - an amulet of guardian spirit
 K - a +4 ring of slaying (left hand)
 P - a +6 ring of strength
 R - a +5 ring of evasion
Talismans
 h - a dragon-blood talisman
 r - a beast talisman
Wands
 o - a wand of flame (50)
 p - a wand of paralysis (3)
 q - a wand of quicksilver (12)
 y - a wand of polymorph (13)
 C - a wand of digging (1)
Scrolls
 d - 2 scrolls of revelation
 i - 2 scrolls of brand weapon
 l - 2 scrolls of immolation
 x - 2 scrolls of enchant weapon
 B - a scroll of identify
 G - 3 scrolls of fog
 I - 3 scrolls of teleportation
 M - 2 scrolls of poison
 Q - a scroll of fear
Potions
 b - 2 potions of ambrosia
 f - 2 potions of lignification
 s - a potion of degeneration {unknown}
 u - 2 potions of brilliance
 z - a potion of magic {unknown}
 A - a potion of resistance {unknown}
 D - a potion of enlightenment {unknown}
 J - a potion of invisibility {unknown}
Miscellaneous
 T - a phantom mirror


   Skills:
 + Level 10.6 Fighting
 + Level 10.0 Armour
 + Level 8.1 Dodging
 - Level 4.8 Stealth
 + Level 9.8 Unarmed Combat
 + Level 8.2 Invocations
 - Level 5.4 Shapeshifting


You had 12 spell levels left.
You didn't know any spells.
Your spell library contained the following spells:

 Spells                   Type           Power      Damage    Failure   Level
 Freeze                   Ice            0%         1d3       34%         1
 Slow                     Hex            0%         N/A       34%         1
 Confusing Touch          Hex            0%         N/A       71%         3
 Frozen Ramparts          Ice            0%         1d1       71%         3
 Gell's Gravitas          Tloc           0%         N/A       71%         3
 Teleport Other           Tloc           0%         N/A       71%         3
 Vampiric Draining        Necr           0%         2d6       71%         3
 Dispersal                Tloc           0%         N/A       100%        6
 Simulacrum               Ice/Necr       0%         N/A       100%        6
 Ozocubu's Refrigeration  Ice            0%         4d7       100%        7


Dungeon Overview and Level Annotations

Branches:
Dungeon (11/15)            Temple (1/1) D:7            Lair (0/5) D:8
    Orc (2/2) D:11            Elf (0/3) Orc:2

Altars:
Ashenzari
Cheibriados
Dithmenos
Elyvilon
Fedhas
Gozag
Hepliaklqana
Kikubaaqudgha
Makhleb
Nemelex Xobeh
Okawaru
Qazlal
Ru
Sif Muna
Trog
Uskayaw
Vehumet
Wu Jian
Xom
Yredelemnul
Zin
The Shining One

Shops:
D:11 :

Portals:
Abyss: D:11

Annotations:
D:7 1 runed translucent door


Innate Abilities, Weirdness & Mutations

You are immune to sickness and miasma.
Your stone body is resilient. (AC +9)
You are immune to poison.
You resist negative energy. (rN+)
You are resistant to electric shocks. (rElec)
You are resistant to unholy torment.
You are immune to petrification.


Message History

Your daeva hits the orc warrior with a +2 scimitar of holy wrath!
The orc warrior dies!
What are your orders? t - Shout!
Orders for allies: a - Attack new target. r - Retreat! s - Stop attacking. g - Guard the area. f - Follow me.
Anything else - Cancel.
Gang up on whom?
Press: ? - help, Dir - move target, f - two-headed ogre
Aim: a two-headed ogre, wielding a +0 giant spiked club and a +0 dire flail (moderately wounded, ally target, haloed) Attack!
The orc warrior completely misses your daeva.
Your daeva blocks the deep troll's attack. x2
The deep troll completely misses your daeva.
Your daeva hits the deep troll with a +2 scimitar of holy wrath!
Your daeva hits the deep troll with a +2 scimitar of holy wrath.
You punch the two-headed ogre!
The two-headed ogre is heavily wounded.
Your daeva blocks the orc warrior's attack.
The deep troll bites your daeva!
Your daeva blocks the deep troll's attack.
The deep troll closely misses your daeva.
The two-headed ogre hits you with a +0 giant spiked club!
* * * LOW HITPOINT WARNING * * *
The two-headed ogre misses you.
You punch the two-headed ogre!
The two-headed ogre is severely wounded.
Your daeva calls down the wrath of the Shining One upon the deep troll.
The deep troll is smitten.
Your daeva blocks the orc warrior's attack.
A deep troll comes into view.
You punch the two-headed ogre!
The two-headed ogre is almost dead.
Your daeva closely misses the deep troll.
Your daeva hits the deep troll with a +2 scimitar of holy wrath!
The deep troll dies!
The ogre closely misses you.
The two-headed ogre hits you with a +0 giant spiked club!
You die...

.## ..###
###....#
##.#......
##.........
##.....#..#.
##O...(.....#
##OT.T[.T..T..
#@OOAo.#..#...
##...).....#.
##.......#..
#>...........
##............
#............
##...<.......
#............
##...........


You could see 2 two-headed ogres, a deep troll, 2 trolls, an orc warrior, 2
ogres and a friendly daeva (summoned).

Vanquished Creatures
  Josephine (D:9)
  A rakshasa (D:11)
  Erica (D:9)
  2 two-headed ogres (D:11)
  A skeletal warrior (D:10)
  A necromancer (D:10)
  2 cyclopes
  A toenail golem (D:11)
  A gargoyle (D:10)
  An unseen horror zombie (D:10)
  2 kobold demonologists (D:9)
  2 unseen horror skeletons (D:10)
  2 trolls
  4 flying skulls (D:10)
  2 shadows (D:10)
  9 wraiths
  4 wyverns
  10 yaks
  Eustachio (D:4)
  2 steam dragons
  4 vampire mosquitoes (D:11)
  2 wargs (Orc:1)
  A water moccasin (D:8)
  An ice beast (D:7)
  2 orc warriors
  5 ogres
  2 centaurs
  5 phantoms
  5 kobold brigands
  3 bullfrogs
  3 gnoll sergeants
  9 scorpions
  2 wyvern skeletons (D:6)
  12 wights
  16 killer bees
  4 howler monkeys
  2 bullfrog zombies (D:6)
  6 centaur zombies
  5 hounds
  8 orc priests
  7 jellies
  A sleepcap (D:5)
  7 centaur skeletons (D:10)
  Jessica (D:2)
  A bullfrog skeleton (D:6)
  Terence (D:2)
  11 orc wizards
  3 iguanas
  A killer bee zombie (D:6)
  3 howler monkey skeletons
  15 gnolls
  7 adders
  2 shadow imps (D:6)
  4 ufetubi
  2 worms
  2 dart slugs
  42 orcs
  16 ball pythons
  15 endoplasms
  7 giant cockroaches
  10 hobgoblins
  5 jackals
  23 kobolds
  9 quokkas
  6 bats
  2 frilled lizards
  12 goblins
  5 rats
  A butterfly (D:7)
368 creatures vanquished.

Vanquished Creatures (collateral kills)
  The ghost of gregwegmann the Geomancer, a journeyman GrEE of Ru (D:11)
  A hell hog (D:11)
  A thrashing horror (D:11)
  A skeletal warrior (D:11)
  A deep troll (Orc:2)
  A toenail golem (D:11)
  3 orc warriors
  An orc priest (Orc:1)
  A small abomination (D:11)
  An orc (Orc:1)
12 creatures vanquished.

Grand Total: 380 creatures vanquished

Notes
Turn   | Place    | Note
-------+----------+-------------------------------------------
     0 | D:1      | pascalblue the Gargoyle Monk began the quest for the Orb.
     0 | D:1      | Reached XP level 1. HP: 14/14 MP: 1/1
   226 | D:1      | Reached XP level 2. HP: 12/19 MP: 2/2
   386 | D:1      | Found a faded altar of an unknown god.
   391 | D:1      | Reached skill level 1 in Armour
   632 | D:1      | Reached XP level 3. HP: 23/23 MP: 3/3
  1137 | D:2      | Noticed Terence
  1180 | D:2      | HP: 1/24 [Terence/+0 flail (5)]
  1183 | D:2      | Killed Terence
  1184 | D:2      | Reached XP level 4. HP: 3/29 MP: 4/4
  1323 | D:2      | Identified the ring "Inuateade" {rPois rF+ AC+4 Str+3
                  | Stlth+}
  2222 | D:2      | Noticed Jessica
  2234 | D:2      | Killed Jessica
  2381 | D:3      | Reached XP level 5. HP: 30/33 MP: 5/5
  2609 | D:3      | Got the Lectures on Firn
  3478 | D:4      | Reached skill level 1 in Stealth
  3504 | D:4      | Reached XP level 6. HP: 36/39 MP: 6/6
  3555 | D:4      | Noticed Eustachio
  3591 | D:4      | Killed Eustachio
  3895 | D:4      | Reached XP level 7. HP: 44/44 MP: 7/7
  4113 | D:4      | Reached skill level 5 in Fighting
  4174 | D:5      | Entered Level 5 of the Dungeon
  4322 | D:5      | HP: 2/44 [gnoll sergeant/+1 vampiric spear (7)]
  4511 | D:5      | Reached skill level 5 in Unarmed Combat
  4745 | D:5      | Reached XP level 8. HP: 18/50 MP: 8/8
  5269 | D:5      | Reached skill level 1 in Shapeshifting
  6452 | D:6      | Found a glowing golden altar of the Shining One.
  6460 | D:6      | Became a worshipper of the Shining One
  6460 | D:6      | Reached * piety under the Shining One
  6460 | D:6      | Reached ** piety under the Shining One
  6483 | D:6      | Reached skill level 5 in Armour
  6605 | D:6      | Reached XP level 9. HP: 30/55 MP: 9/9
  6836 | D:6      | Reached skill level 1 in Invocations
  6924 | D:6      | Reached skill level 5 in Dodging
  6965 | D:6      | Found a hazy altar of Hepliaklqana.
  7022 | D:6      | Found a shadowy altar of Dithmenos.
  7064 | D:6      | Found a blossoming altar of Fedhas.
  7064 | D:6      | Found a stormy altar of Qazlal.
  7092 | D:6      | Found a white marble altar of Elyvilon.
  7191 | D:6      | Reached *** piety under the Shining One
  7551 | D:7      | Identified the +5 chain mail of Limited Liability {rF- rC-
                  | Int+7 Stlth+}
  8068 | D:7      | Found a staircase to the Ecumenical Temple.
  8107 | Temple   | Entered the Ecumenical Temple
  8212 | D:7      | Found a runed translucent door.
  8214 | D:7      | Found a runed translucent door.
  8264 | D:7      | Reached XP level 10. HP: 63/63 MP: 12/12
  8368 | D:7      | Found a bloodstained altar of Trog.
  8537 | D:8      | Found a radiant altar of Vehumet.
  8597 | D:8      | Found a staircase to the Lair.
  8905 | D:8      | Found a basalt altar of Yredelemnul.
  9135 | D:9      | Noticed Erica
  9184 | D:9      | Killed Erica
  9195 | D:9      | Upgraded the game from 0.31-a0-365-gcf821cafb2 to
                  | 0.31-a0-431-g88bdf31460
  9659 | D:9      | Noticed a kobold demonologist
  9659 | D:9      | Noticed a kobold demonologist
  9672 | D:9      | Noticed a sun demon
  9693 | D:9      | Noticed a rust devil
  9700 | D:9      | Noticed a rust devil
  9707 | D:9      | Noticed a sixfirhy
  9722 | D:9      | Noticed an orange demon
  9723 | D:9      | Killed a kobold demonologist
  9731 | D:9      | Killed a kobold demonologist
  9732 | D:9      | Reached skill level 5 in Invocations
  9814 | D:9      | Reached **** piety under the Shining One
  9847 | D:9      | Reached XP level 11. HP: 65/69 MP: 14/14
 10150 | D:10     | Entered Level 10 of the Dungeon
 10231 | D:10     | Noticed Josephine
 10263 | D:9      | Killed Josephine
 11038 | D:10     | Reached ***** piety under the Shining One
 11074 | D:10     | Noticed a skeletal warrior
 11078 | D:10     | Noticed a necromancer
 11128 | D:10     | Killed a skeletal warrior
 11159 | D:10     | Killed a necromancer
 11228 | D:10     | Reached XP level 12. HP: 67/76 MP: 11/17
 11797 | D:10     | Reached ****** piety under the Shining One
 11943 | D:11     | Noticed a two-headed ogre
 11943 | D:11     | Noticed a two-headed ogre
 11952 | D:11     | Killed a two-headed ogre
 11957 | D:11     | Killed a two-headed ogre
 11975 | D:11     | Identified a scroll of acquirement
 11975 | D:11     | Acquired the +2 hat "Risu" {rC+ rN+}
 12102 | D:11     | Noticed a hell hog
 12105 | D:11     | Noticed a thrashing horror
 12106 | D:11     | Found a one-way gate to the infinite horrors of the Abyss.
 12214 | D:11     | Reached skill level 5 in Shapeshifting
 12223 | D:11     | Reached skill level 10 in Fighting
 12427 | D:11     | Found a transporter.
 12433 | D:11     | Found Duhoad's Book Shoppe.
 12452 | D:11     | Found a transporter.
 12467 | D:11     | Noticed a rakshasa
 12574 | D:11     | Found a staircase to the Orcish Mines.
 12788 | D:11     | Noticed gregwegmann's ghost (journeyman GrEE)
 12828 | D:11     | Killed a rakshasa
 13237 | D:11     | Killed a hell hog
 13248 | D:11     | Killed a thrashing horror
 13256 | D:11     | Killed gregwegmann's ghost
 13444 | Orc:1    | Entered Level 1 of the Orcish Mines
 13672 | Orc:2    | Entered Level 2 of the Orcish Mines
 13672 | Orc:2    | Found a staircase to the Elven Halls.
 13679 | Orc:2    | Reached XP level 13. HP: 83/83 MP: 19/19
 13707 | Orc:2    | Reached skill level 10 in Armour
 13714 | Orc:2    | Slain by a two-headed ogre

Illustrated notes

Levels and vault maps discovered:
D:1:      dpeg_chamrin_arrival_tetris, layout_loops_ring,
          nicolae_ecumenical_snake_handling
D:2:      layout_loops_cross, minmay_goblin_kobold_house, uniq_jessica,
          uniq_terence
D:3:      minmay_thinvault, layout_basic, minmay_misc_feat_hallway
D:4:      layout_rooms, uniq_eustachio
D:5:      minmay_opposing_rooms, layout_layer_cave
D:6:      layout_gridville, nicolae_overflow_hidden_temple,
          nicolae_overflow_crystal_walls, lemuel_coloured_pillars_altar,
          lemuel_tele_altar, serial_undead, serial_undead_b, serial_undead_d,
          serial_undead_e, serial_undead_b, serial_undead_c
D:7:      lemuel_insect_pit, layout_basic, lemuel_crystal_altar,
          minmay_temple_entry_gardened_gates,
          hangedman_abyss_or_decor_jellyfish_corner
D:8:      layout_loops_ring, kennysheep_mini_moat, vehumet_altar_wand_db,
          dpeg_oklobed_lair
D:9:      layout_roguey, enter_bailey_3, uniq_erica
D:10:     hangedman_screamer, layout_grid_maze, uniq_josephine
D:11:     layout_rooms, minmay_orc_entry_temple_small,
          gammafunk_ghost_abyssal_escape, serial_shops, shop
Temple:   cyrus_circular_temple
Orc:1:    layout_caves, uniq_urug, uniq_maurice, uniq_jorgrun
Orc:2:    st_orc_open, layout_caves, basic_altar

Skill      XL: |  1  2  3  4  5  6  7  8  9 10 11 12 13 |
---------------+----------------------------------------+-----
Armour         | 1 2 3 4 5 6 7 8 9 10 | 10.0
Fighting       | 4 5 6 7 8 9 10 | 10.6
Dodging        | 3 4 5 6 7 8 |  8.1
Stealth        | 1 2 3 4 |  4.8
Unarmed Combat | 4 5 6 7 8 9 |  9.8
Shapeshifting  | 1 2 3 4 5 |  5.4
Invocations    | 3 5 6 8 |  8.2

Action                     |  1- 3 |  4- 6 |  7- 9 | 10-12 | 13-15 || total
---------------------------+-------+-------+-------+-------+-------++-------
  Melee: Unarmed           |   139 |   255 |   510 |   751 |    24 ||  1679
 Invoke: Cleansing Flame   |       |       |       |     3 |     1 ||     4
         Summon Divine War |       |       |       |     2 |     1 ||     3
         Divine Shield     |       |       |       |     1 |     1 ||     2
  Evoke: Wand              |       |       |     1 |       |       ||     1
    Use: Scroll            |       |    14 |     4 |    11 |     1 ||    30
         Potion            |       |       |     5 |    12 |     1 ||    18
   Stab: Sleeping          |       |     3 |     3 |       |       ||     6
 Armour: Robe              |    18 |    78 |   181 |   503 |    23 ||   803
         Chain mail        |       |       |       |     4 |       ||     4
  Dodge: Dodged            |   103 |   260 |   516 |   672 |    42 ||  1593
  Block: Orb               |       |       |       |    27 |     7 ||    34

Table legend: (Time is in decaauts)
 A = Elapsed time spent in this place.
 B = Non-inter-level travel time spent in this place.
 C = Inter-level travel time spent in this place.
 D = Time resting spent in this place.
 E = Time spent auto-exploring this place.
 F = Levels seen in this place.
 G = Mean time per level.
                   A        B        C        D        E       F      G
               +--------+--------+--------+--------+--------+-----+--------+
         Total |  13506 |  13125 |    381 |   1722 |   7474 |  14 |  964.7 |
       Dungeon |  13198 |  12834 |    364 |   1722 |   7291 |  11 | 1199.8 |
        Temple |     46 |     46 |      0 |      0 |      0 |   1 |   46.0 |
  Orcish Mines |    261 |    244 |     17 |      0 |    183 |   2 |  130.5 |
               +--------+--------+--------+--------+--------+-----+--------+

Top non-repeatable levels by time:
     D:5: 1938 daAuts
    D:10: 1586 daAuts
     D:6: 1543 daAuts
    D:11: 1460 daAuts
     D:2: 1366 daAuts
     D:9: 1151 daAuts
     D:3: 1073 daAuts
     D:1: 985 daAuts
     D:4: 825 daAuts
     D:7: 673 daAuts
     D:8: 592 daAuts
   Orc:1: 224 daAuts
  Temple: 46 daAuts
   Orc:2: 36 daAuts
